 Dungeon Crawl Stone Soup version 0.19-a0-1740-g0bcaf2e (webtiles) character file.

81284 kae the Swashbuckler (level 15, -3/73 HPs)
             Began as a Spriggan Enchanter on Oct 1, 2016.
             Was the Champion of Dithmenos.
             Killed by divine providence
             ... invoked by a meliai
              (15 damage)
             ... on level 15 of the Dungeon.
             The game lasted 00:44:00 (27524 turns).

kae the Swashbuckler (Spriggan Enchanter)          Turns: 27524, Time: 00:44:00

Health: -3/73      AC:  8    Str:  7    XL:     15   Next: 26%
Magic:  31/31      EV: 28    Int: 17    God:    Dithmenos [******]
Gold:   1772       SH:  9    Dex: 20    Spells: 8 memorised, 18 levels left

rFire  . . .     SeeInvis +     b - +2 short sword (venom)
rCold  . . .     Gourm    .     i - +1 robe
rNeg   . . .     Faith    +     h - +1 buckler
rPois  +         Spirit   .     R - +2 hat
rElec  .         Dismiss  .     E - +2 cloak
rCorr  .         Reflect  .     (gloves unavailable)
MR     ++...     Harm     .     (boots unavailable)
Stlth  ++++++++++               F - amulet of faith
                                O - ring of stealth
                                j - ring of poison resistance

@: wreathed by umbra, very quick
A: unfitting armour, see invisible, herbivore 3, speed 3, slow metabolism 2
a: Shadow Step, Shadow Form, Renounce Religion


You were on level 15 of the Dungeon.
You worshipped Dithmenos.
Dithmenos was exalted by your worship.
You were not hungry.

You visited 2 branches of the dungeon, and saw 21 of its levels.

You collected 1772 gold pieces.

Inventory:

Hand Weapons
 a - a +0 dagger of electrocution
 b - a +2 short sword of venom (weapon)
 t - a +3 dagger of distortion
Armour
 h - a +1 buckler (worn)
 i - a +1 robe (worn)
 E - a +2 cloak (worn)
 R - a +2 hat (worn)
Jewellery
 j - a ring of poison resistance (left hand)
 x - a +3 ring of intelligence
 D - an uncursed ring of flight {unknown}
 F - an amulet of faith (around neck)
 O - a ring of stealth (right hand)
 U - a cursed -5 ring of dexterity {unknown}
Wands
 m - a wand of digging (7/24)
 p - a wand of lightning (7/15)
 r - a wand of lightning (8/15)
 y - a wand of digging (24/24)
 C - a wand of enslavement (10/24)
 G - a wand of disintegration (9/24)
 H - a wand of disintegration (17/24)
 X - a wand of acid (7/15)
Scrolls
 e - 5 scrolls of blinking
 n - 3 scrolls of enchant armour
 v - 9 scrolls of remove curse
 I - 5 scrolls of amnesia
 K - 2 scrolls of fog
 M - 9 scrolls of teleportation
 N - a scroll of silence {unknown}
 W - a scroll of fear
 Z - a scroll of magic mapping
Potions
 f - 11 potions of curing
 g - 6 potions of berserk rage
 k - 6 potions of heal wounds
 l - 6 potions of brilliance
 o - a potion of cure mutation
 u - 4 potions of agility
 w - a potion of invisibility {unknown}
 z - 5 potions of flight
 A - 4 potions of might
 J - 2 potions of resistance
 Q - a potion of haste
 T - a potion of cancellation
 V - a potion of magic
 Y - a potion of lignification
Books
 c - a book of Maledictions

   Spells                             Type                      Level
   a - Corona                         Hexes                        1
   b - Ensorcelled Hibernation        Hexes/Ice                    2
   c - Confuse                        Hexes                        3
   d - Tukima's Dance                 Hexes                        3
   e - Dazzling Spray                 Conjuration/Hexes            3
 q - a book of Air

   Spells                             Type                      Level
   a - Shock                          Conjuration/Air              1
   b - Swiftness                      Charms/Air                   2
   c - Repel Missiles                 Charms/Air                   2
   d - Static Discharge               Conjuration/Air              3
   e - Lightning Bolt                 Conjuration/Air              5
 B - a book of Minor Magic

   Spells                             Type                      Level
   a - Magic Dart                     Conjuration                  1
   b - Blink                          Translocation                2
   c - Call Imp                       Summoning                    2
   d - Repel Missiles                 Charms/Air                   2
   e - Slow                           Hexes                        2
   f - Conjure Flame                  Conjuration/Fire             3
   g - Mephitic Cloud                 Conjuration/Poison/Air       3
 L - a Young Poisoner's Handbook

   Spells                             Type                      Level
   a - Sting                          Conjuration/Poison           1
   b - Mephitic Cloud                 Conjuration/Poison/Air       3
   c - Olgreb's Toxic Radiance        Poison                       4
   d - Alistair's Intoxication        Transmutation/Poison         5
   e - Venom Bolt                     Conjuration/Poison           5
 P - a book of Misfortune

   Spells                             Type                      Level
   a - Confusing Touch                Hexes                        1
   b - Confuse                        Hexes                        3
   c - Gell's Gravitas                Hexes/Translocation          3
   d - Petrify                        Transmutation/Earth          4
   e - Metabolic Englaciation         Hexes/Ice                    5
   f - Yara's Violent Unravelling     Hexes/Transmutation          5
 S - Wunu's Volume of the Blistering Rocks
   (You found it on level 14 of the Dungeon)

   Spells                             Type                      Level
   a - Sandblast                      Earth                        1
   b - Passwall                       Transmutation/Earth          2
   c - Stone Arrow                    Conjuration/Earth            3
   d - Inner Flame                    Hexes/Fire                   3
   e - Bolt of Magma                  Conjuration/Fire/Earth       5
Comestibles
 d - 19 bread rations
 s - 11 fruits


   Skills:
 - Level 6.1 Fighting
 + Level 15.9 Short Blades
 - Level 11.2 Dodging
 - Level 14.1 Stealth
 - Level 5.2 Shields
 - Level 11.0 Spellcasting
 - Level 11.4 Hexes
 * Level 11.6 Invocations


You had 18 spell levels left.
You knew the following spells:

 Your Spells              Type           Power        Failure   Level  Hunger
a - Corona                Hex            #####..      1%          1    None
b - Ensorcelled Hibernat  Hex/Ice        ####..       1%          2    None
c - Confuse               Hex            #####...     1%          3    None
d - Tukima's Dance        Hex            #####...     1%          3    None
e - Dazzling Spray        Conj/Hex       ####..       2%          3    None
f - Swiftness             Chrm/Air       #.......     14%         2    None
g - Repel Missiles        Chrm/Air       #.....       14%         2    None
h - Blink                 Tloc           N/A          14%         2    None


Dungeon Overview and Level Annotations

Branches:
Dungeon (15/15)            Temple (0/1) D:4            Lair (6/6) D:9
 Shoals (0/4) Lair:2       Spider (0/4) Lair:2        Slime (0/5) Lair:5
    Orc (0/2) D:11         Vaults (0/5) D:14         Depths (0/5) D:15

Altars:
Ashenzari
Dithmenos
Elyvilon
Hepliaklqana
Nemelex Xobeh
Qazlal
Ru
Yredelemnul
Zin

Shops:
D:4 :   D:9 }


Innate Abilities, Weirdness & Mutations

You are very small and have problems with some larger weapons.
You are too small for most types of armour.
You have supernaturally acute eyesight. (SInv)
You are a herbivore.
You cover ground extremely quickly.
You need consume almost no food.


Message History

The meliai barely misses you. x2
You closely miss the meliai.
The meliai is moderately wounded.
You block the meliai's attack. The meliai misses you.
You hit the meliai.
The meliai looks as sick as possible!
The meliai is moderately wounded.
The meliai hits you but does no damage. You block the meliai's attack.
The meliai calls down the wrath of its god upon you.
Something smites you!
You emit a cloud of dark smoke.
You hit the meliai but do no damage.
The meliai looks as sick as possible!
The meliai is severely wounded.
The meliai calls down the wrath of its god upon you.
Something smites you!
* * * LOW HITPOINT WARNING * * *
You are too injured to fight recklessly!
You kill the meliai!
Dithmenos accepts your kill.
The meliai mumbles some strange prayers to its god against you.
Something smites you!
You die...

########################
#...................#..<
#.#################.#.##
#.# #.#.# #.# #.#.#
##.############## #†#.#
#.......@.y§#...####.#.#
###########§#......#.#.##
#§#...##.#.#.#.
#§#...##.#.#.#.
#§#...##.#.#.#.
#§#...##.#.#.#.
#§#...##.#.#.#.
#§#...##.#.#.#.
#§######.#.#...


You could see a meliai.

Vanquished Creatures
  Azrael (D:12)
  Snorg (Lair:4)
  A fire dragon (Lair:6)
  Josephine (Lair:4)
  Harold (D:11)
  8 vault guards (D:14)
  6 hydras
  6 centaur warriors
  An anaconda (Lair:5)
  A catoblepas (D:15)
  2 tengu warriors (D:14)
  An unseen horror (D:15)
  4 hill giants
  A wizard (D:14)
  A lindwurm (Lair:6)
  3 manticores
  An oklob plant (Lair:4)
  A salamander (D:15)
  2 cyclopes
  18 ugly things
  4 elephants (Lair:6)
  2 centaur zombies
  10 black mambas
  An eye of devastation (Lair:5)
  3 gargoyles
  Maurice (D:10)
  9 spiny frogs
  2 torpor snails
  4 centaur skeletons
  8 rime drakes
  9 komodo dragons
  An efreet (D:13)
  5 yaktaurs (D:15)
  A kobold demonologist (D:13)
  6 trolls
  A freezing wraith (D:15)
  2 tyrant leeches (Lair:6)
  A polar bear (Lair:5)
  2 two-headed ogres
  2 meliai (D:15)
  A wind drake (shapeshifter) (D:13)
  4 dream sheep (Lair:4)
  23 blink frogs
  4 hippogriffs
  A centaur simulacrum (D:15)
  Sigmund (D:5)
  A vampire (D:12)
  A shadow (D:14)
  5 wraiths
  A spriggan (D:9)
  2 wyverns
  34 yaks
  A yak (shapeshifter) (D:15)
  4 steam dragons
  4 basilisks
  2 fire elementals (D:12)
  2 hungry ghosts
  A warg (D:11)
  3 mottled dragons
  A soldier ant (D:15)
  6 swamp worms
  5 porcupines
  14 water moccasins
  2 hell hounds (D:12)
  2 eyes of draining
  5 orc warriors
  2 sky beasts
  An ice beast (D:7)
  A phantom (D:5)
  11 wolves
  8 ogres
  A necrophage (D:6)
  22 centaurs
  14 crocodiles
  4 big kobolds
  Blork the orc (D:6)
  22 bullfrogs
  2 wyvern skeletons
  6 scorpions
  A water moccasin skeleton (D:6)
  10 howler monkeys
  6 wights
  4 electric eels
  7 crimson imps
  2 bullfrog zombies
  8 hounds
  2 bullfrog skeletons
  A jelly (D:14)
  Crazy Yiuf (D:3)
  8 orc priests
  7 orc wizards
  9 iguanas
  6 worker ants
  A hound skeleton (D:4)
  A hound zombie (D:7)
  Robin (D:3)
  14 gnolls
  9 adders
  45 river rats
  3 shadow imps
  2 adder skeletons
  17 worms
  2 dart slugs (D:1)
  3 leopard geckos
  42 orcs
  5 giant cockroaches
  13 hobgoblins
  22 jackals
  24 kobolds
  2 quokkas
  A ball python (D:1)
  17 bats
  8 frilled lizards
  12 goblins
  A quokka skeleton (D:6)
  17 rats
694 creatures vanquished.

Vanquished Creatures (collateral kills)
  A hydra (Lair:5)
  A fungus (Lair:5)
2 creatures vanquished.

Vanquished Creatures (others)
  22 fungi
  11 plants
33 creatures vanquished.

Grand Total: 729 creatures vanquished

Notes
Turn   | Place    | Note
-------+----------+-------------------------------------------
     0 | D:1      | kae the Spriggan Enchanter began the quest for the Orb.
     0 | D:1      | Reached XP level 1. HP: 9/9 MP: 5/5
   402 | D:1      | Reached XP level 2. HP: 13/13 MP: 6/6
   735 | D:1      | Learned a level 2 spell: Ensorcelled Hibernation
   752 | D:1      | Reached skill level 2 in Short Blades
  1550 | D:1      | Reached XP level 3. HP: 14/16 MP: 8/8
  2095 | D:2      | Found a sparkling altar of Nemelex Xobeh.
  2118 | D:2      | Reached skill level 5 in Stealth
  2665 | D:2      | Reached skill level 3 in Short Blades
  2674 | D:2      | Reached XP level 4. HP: 21/21 MP: 5/9
  3216 | D:2      | Found a glowing silver altar of Zin.
  3221 | D:2      | Found a sacrificial altar of Ru.
  3224 | D:2      | Found a hazy altar of Hepliaklqana.
  3392 | D:3      | Reached XP level 5. HP: 22/24 MP: 4/11
  3405 | D:3      | Reached skill level 1 in Shields
  3593 | D:3      | Noticed Robin
  3654 | D:3      | Killed Robin
  3657 | D:3      | Reached skill level 4 in Short Blades
  3883 | D:3      | Found a shadowy altar of Dithmenos.
  3964 | D:3      | Became a worshipper of Dithmenos the Shadowed
  4014 | D:3      | HP: 1/24 [orc/dagger of electrocution (16)]
  4767 | D:3      | Found a runed door.
  4771 | D:3      | Noticed Crazy Yiuf
  4793 | D:3      | Killed Crazy Yiuf
  4793 | D:3      | Reached XP level 6. HP: 5/28 MP: 4/12
  5157 | D:4      | Found a staircase to the Ecumenical Temple.
  5214 | D:4      | Found Uleom's Book Boutique.
  5607 | D:4      | Reached skill level 5 in Hexes
  5804 | D:5      | Entered Level 5 of the Dungeon
  5830 | D:5      | Reached skill level 5 in Short Blades
  5830 | D:5      | Reached XP level 7. HP: 16/32 MP: 11/14
  6079 | D:5      | Noticed Sigmund
  6084 | D:5      | Killed Sigmund
  6091 | D:5      | Got a fine golden ring
  6109 | D:5      | Found a stormy altar of Qazlal.
  6366 | D:5      | Reached * piety under Dithmenos
  6671 | D:5      | Reached skill level 6 in Short Blades
  7064 | D:5      | Reached skill level 5 in Spellcasting
  7064 | D:5      | Reached XP level 8. HP: 36/36 MP: 11/16
  7087 | D:6      | Identified the ring of Darotam {Dex+3 Stlth-} (You found it on level 5 of the Dungeon)
  7106 | D:6      | Noticed Blork the orc
  7127 | D:6      | Killed Blork the orc
  7185 | D:6      | Learned a level 3 spell: Confuse
  7446 | D:6      | Reached skill level 7 in Short Blades
  7931 | D:7      | Reached ** piety under Dithmenos
  7981 | D:7      | Reached skill level 8 in Short Blades
  8001 | D:7      | Reached XP level 9. HP: 16/39 MP: 14/19
  8260 | D:7      | Found a shattered altar of Ashenzari.
  9240 | D:8      | Reached skill level 9 in Short Blades
 10012 | D:9      | Reached *** piety under Dithmenos
 10118 | D:9      | Noticed a troll
 10143 | D:9      | Reached skill level 10 in Stealth
 10352 | D:9      | Killed a troll
 10352 | D:9      | Reached XP level 10. HP: 16/44 MP: 15/22
 10520 | D:9      | Reached skill level 10 in Short Blades
 10736 | D:9      | Found Zoqaf's Quality Used Wands.
 10935 | D:9      | Found a basalt altar of Yredelemnul.
 11059 | D:9      | Reached **** piety under Dithmenos
 11077 | D:9      | Found a white marble altar of Elyvilon.
 11133 | D:9      | Found a staircase to the Lair.
 11211 | D:10     | Entered Level 10 of the Dungeon
 11463 | D:10     | Noticed a gargoyle
 12453 | D:10     | Killed a gargoyle
 12705 | D:10     | Noticed Maurice
 12708 | D:10     | Killed Maurice
 12708 | D:10     | Reached skill level 11 in Short Blades
 12741 | Lair:1   | Entered Level 1 of the Lair of Beasts
 12778 | Lair:1   | Reached ***** piety under Dithmenos
 13525 | Lair:1   | Reached XP level 11. HP: 29/47 MP: 21/24
 13920 | Lair:1   | Reached skill level 5 in Shields
 14837 | Lair:2   | Found a hole to the Spider Nest.
 14853 | Lair:2   | Reached skill level 12 in Short Blades
 14862 | Lair:2   | Reached skill level 1 in Fighting
 15128 | Lair:2   | Found a staircase to the Shoals.
 16268 | Lair:3   | Reached skill level 5 in Dodging
 16530 | Lair:3   | Reached ****** piety under Dithmenos
 17094 | Lair:4   | Noticed an oklob plant
 17108 | Lair:4   | Killed an oklob plant
 17178 | Lair:4   | Reached XP level 12. HP: 56/56 MP: 26/26
 17204 | Lair:4   | Noticed Snorg
 17311 | Lair:4   | Killed Snorg
 17478 | Lair:4   | Noticed Josephine
 17710 | Lair:4   | Reached skill level 10 in Hexes
 17923 | Lair:4   | Killed Josephine
 17923 | Lair:4   | Reached skill level 10 in Spellcasting
 18650 | Lair:4   | Reached skill level 13 in Short Blades
 18772 | Lair:5   | Noticed an eight-headed hydra
 18800 | Lair:5   | Killed an eight-headed hydra
 19308 | Lair:5   | Found a staircase to the Slime Pits.
 19440 | Lair:5   | Noticed an anaconda
 19443 | Lair:5   | Killed an anaconda
 19670 | Lair:6   | Entered Level 6 of the Lair of Beasts
 19855 | Lair:6   | Reached XP level 13. HP: 42/63 MP: 19/28
 20011 | Lair:6   | Reached skill level 5 in Fighting
 20110 | Lair:6   | Reached skill level 10 in Dodging
 20588 | Lair:6   | Learned a level 3 spell: Tukima's Dance
 20592 | Lair:6   | Learned a level 3 spell: Dazzling Spray
 20595 | Lair:6   | Learned a level 2 spell: Swiftness
 20598 | Lair:6   | Learned a level 2 spell: Repel Missiles
 20601 | Lair:6   | Learned a level 2 spell: Blink
 21176 | Lair:6   | Noticed a fire dragon
 21223 | Lair:6   | Killed a fire dragon
 21223 | Lair:6   | Reached skill level 14 in Short Blades
 21223 | Lair:6   | Reached skill level 1 in Invocations
 21794 | D:11     | Found a staircase to the Orcish Mines.
 21880 | D:11     | Noticed Harold
 21882 | D:11     | Killed Harold
 22140 | D:11     | Reached XP level 14. HP: 70/70 MP: 23/30
 22153 | D:11     | Reached skill level 5 in Invocations
 22666 | D:11     | Found a sacrificial altar of Ru.
 23200 | D:12     | Noticed Azrael
 23207 | D:12     | Killed Azrael
 23652 | D:13     | Found a sacrificial altar of Ru.
 24598 | D:14     | Reached skill level 15 in Short Blades
 24997 | D:14     | Found a gate to the Vaults.
 25100 | D:14     | Identified Wunu's Volume of the Blistering Rocks
 25544 | D:14     | Reached skill level 10 in Invocations
 26067 | D:15     | Entered Level 15 of the Dungeon
 26400 | D:15     | Reached XP level 15. HP: 59/73 MP: 29/31
 27305 | D:15     | Found a staircase to the Depths.
 27524 | D:15     | Killed from afar by a meliai

Vault maps used:
D:1:      scummos_arrival_star, minmay_misc_feat_hallway
D:2:      zin_academy, minitemple, nemelex_xobeh_ov_fountains_minmay
D:3:      marbit_many_paths, first_bread, uniq_robin, uniq_crazy_yiuf_cottage
D:4:      serial_shops, kennysheep_mini, dk_vineyard_3, fountainhead
D:5:      nicolae_qazlal_general_emergency, uniq_sigmund
D:6:      kennysheep_small_spiral, uniq_blork_the_orc
D:7:      ashenzari_altar_1
D:9:      kennysheep_ying_yang, grunt_lair_entry_orc_guard_hut, the_bakery,
          nicolae_for_you_no_charge
D:10:     uniq_maurice
D:11:     erik_orc_3, minivault_4, nicolae_ru_path_of_blood, uniq_harold
D:12:     uniq_azrael
D:13:     basic_altar, nrook_mini_vaults
D:14:     erik_vaults_2, hangedman_decor_peaks_small, grunt_decor_cap,
          glass_columns_a
D:15:     hangedman_depths_entry_try_elsewhere_first, abandoned_shop,
          hangedman_decor_growths, grunt_decor_one_mirror
Lair:1:   worms_lemuel, grunt_megastairs_3, serial_bayou_shore_a
Lair:2:   elwin_shoals_entry_rocks, nicolae_spider_entry_non_spiders
Lair:3:   nicolae_quartered_pool_medium, serial_bayou_shore_b
Lair:4:   minmay_lair_oklob_items, uniq_snorg, uniq_josephine
Lair:5:   beast_lair_carwin_large_2, minmay_slime_entry_eyes
Lair:6:   guppyfry_lair_end_dragon, hangedman_lair_in_review

Skill      XL: |  1  2  3  4  5  6  7  8  9 10 11 12 13 14 15 |
---------------+----------------------------------------------+-----
Short Blades   | 2 3 4 5 6 8 9 11 12 13 14 15 | 15.9
Stealth        | 5 6 7 8 10 11 12 13 14 | 14.1
Hexes          | 4 5 6 7 8 9 10 11 | 11.4
Spellcasting   | 3 4 5 6 7 8 9 10 11 | 11.0
Shields        | 1 2 3 4 5 |  5.2
Fighting       | 2 4 6 |  6.1
Dodging        | 6 9 11 | 11.2
Invocations    | 4 10 11 | 11.6

Action                   |  1- 3 |  4- 6 |  7- 9 | 10-12 | 13-15 || total
-------------------------+-------+-------+-------+-------+-------++-------
Melee: Dagger            |   151 |    36 |    56 |    31 |       ||   274
       Short sword       |    29 |   167 |   284 |   831 |   813 ||  2124
 Cast: Corona            |     7 |       |     1 |     1 |       ||     9
       Ensorcelled Hiber |    17 |    16 |    51 |   115 |   125 ||   324
       Confuse           |       |       |     2 |    28 |    33 ||    63
Invok: Shadow Step       |       |       |       |     3 |    12 ||    15
       Shadow Form       |       |       |       |       |     1 ||     1
Evoke: Wand              |       |       |       |     3 |       ||     3
  Use: Scroll            |       |       |    17 |     5 |    10 ||    32
       Potion            |       |       |       |     1 |       ||     1
 Stab: Sleeping          |    16 |    13 |    34 |   120 |   173 ||   356
       Distracted        |       |       |     1 |     3 |     5 ||     9
       Confused          |       |       |     1 |    10 |    19 ||    30
       Invisible         |       |       |       |       |     6 ||     6
  Eat: Bread ration      |       |     1 |       |       |       ||     1
       Fruit             |       |       |     2 |     3 |     8 ||    13
       Royal jelly       |       |       |       |     2 |       ||     2
       Pizza             |       |       |       |     3 |       ||     3
Armor: Robe              |    14 |    36 |    19 |    25 |    32 ||   126
Dodge: Dodged            |   157 |   137 |   197 |   337 |   366 ||  1194
Block: Buckler           |    11 |    54 |    98 |   177 |   160 ||   500
